 Dungeon Crawl Stone Soup version 0.30-a0-996-ga6910c8ee8 (webtiles) character file.

Game seed: 9185333991951377373

42725 Zeldest the Geomancer (level 14, -11/137 HPs)
             Began as a Meteoran Summoner on Apr 4, 2023.
             Was an Elder of Ashenzari.
             Mangled by a slime creature (20 damage)
             ... on level 2 of the Pits of Slime.
             The game lasted 00:57:05 (7875 turns).

Zeldest the Geomancer (Meteoran Summoner)           Turns: 7875, Time: 00:57:05

Health: -11/137    AC:  3    Str: 14    XL:     14   Next: 99%
Magic:  10/40      EV: 13    Int: 28    God:    Ashenzari [****..]
Gold:   742        SH:  3    Dex: 15    Spells: 15/38 levels left

rFire   . . .      SeeInvis +    D - +6 short sword of the Pangnostic Regret {flame, *Corrode rC+ Will- Str+3 Int+7, Elem, Comp} (curse)
rCold   + . .      Faith    .    s - +0 buckler "Cryptic Discomfort" {Elem, Self} (curse)
rNeg    . . .      Spirit   .    E - +2 swamp dragon scales of Ashenzari's Dismay {rPois, Evo, Comp} (curse)
rPois   +          Reflect  .    (no helmet)
rElec   .          Rampage  .    y - +0 cloak "Manifest Trepidation" {Alch, Comp} (curse)
rCorr   .          Clarity  +    o - +0 pair of gloves "Thunder Perfect Mind" {Evo, Melee} (curse)
Will    +....                    (no boots)
Stlth   +                        x - amulet of Star-Bound Wisdom {Acrobat, Elem, Bglg} (curse)
HPRegen 0.42/turn                i - ring "Share My Restlessness" {SInv, Comp, Self} (curse)
MPRegen 0.27/turn                M - ring "Ymewodit" {Will+ MP+9}

@: engulfed (cannot breathe), corroded, very slightly contaminated, glowing
A: sense surroundings 2, otherworldly, glowing, explore regen, wild magic 1,
MP-powered wands
a: Renounce Religion, Curse Item, Shatter the Chains


You were on level 2 of the Pits of Slime.
You worshipped Ashenzari.
Ashenzari was greatly pleased with you.
You visited 5 branches of the dungeon, and saw 21 of its levels.
You also visited: Volcano.

You collected 917 gold pieces.
You spent 175 gold pieces at shops.

Inventory:

Hand Weapons
 D - the cursed +6 short sword of the Pangnostic Regret (weapon) {flame, *Corrode rC+ Will- Str+3 Int+7, Elem, Comp}
   (You found it on level 7 of the Dungeon)

   Str:       It affects your strength (+3).
   Int:       It affects your intelligence (+7).
   rC:        It protects you from cold.
   *Corrode:  It may corrode you when you take damage.
   Will:      It decreases your willpower.
   It has a curse which improves the following skills: Elements: Fire Magic, Ice
   Magic, Air Magic and Earth Magic.
   Companions: Summonings and Necromancy.
 N - the +10 shortbow "Xepiask" {flame, Int+5}
   (You found it on level 5 of the Lair of Beasts)

   Int:       It affects your intelligence (+5).
Missiles
 A - 5 curare-tipped darts
Armour
 h - the +5 scale mail "Diojoam" {+Blink Int+3}
   (You found it in a volcano)

   Int:       It affects your intelligence (+3).
   +Blink:    It lets you blink.
 o - the cursed +0 pair of gloves "Thunder Perfect Mind" (worn) {Evo, Melee}
   (You found it on level 2 of the Dungeon)

   It has a curse which improves the following skills: Evocations: Evocations.
   Melee Combat: Short Blades, Long Blades, Axes, Maces & Flails, Polearms,
   Staves and Unarmed Combat.
 q - a +3 leather armour of fire resistance
 s - the cursed +0 buckler "Cryptic Discomfort" (worn) {Elem, Self}
   (You took it off an orc on level 7 of the Dungeon)

   It has a curse which improves the following skills: Elements: Fire Magic, Ice
   Magic, Air Magic and Earth Magic.
   Introspection: Fighting and Spellcasting.
 u - a +1 ring mail of cold resistance
 y - the cursed +0 cloak "Manifest Trepidation" (worn) {Alch, Comp}
   (You took it off Crazy Yiuf on level 5 of the Dungeon)

   It has a curse which improves the following skills: Alchemy: Poison Magic and
   Transmutations.
   Companions: Summonings and Necromancy.
 C - a +2 scale mail of willpower
 E - the cursed +2 swamp dragon scales of Ashenzari's Dismay (worn) {rPois, Evo, Comp}
   (You took it off Maggie on level 9 of the Dungeon)

   rPois:     It protects you from poison.
   It has a curse which improves the following skills: Evocations: Evocations.
   Companions: Summonings and Necromancy.
 J - a +0 troll leather armour
Jewellery
 i - the cursed ring "Share My Restlessness" (left hand) {SInv, Comp, Self}
   (You found it on level 1 of the Dungeon)

   [ring of see invisible]

   SInv:      It lets you see invisible.
   It has a curse which improves the following skills: Companions: Summonings
   and Necromancy.
   Introspection: Fighting and Spellcasting.
 x - the cursed amulet of Star-Bound Wisdom (around neck) {Acrobat, Elem, Bglg}
   (You found it on level 8 of the Dungeon)

   [amulet of the acrobat]

   It increases your evasion while moving and waiting.
   It has a curse which improves the following skills: Elements: Fire Magic, Ice
   Magic, Air Magic and Earth Magic.
   Beguiling: Conjurations, Hexes and Translocations.
 M - the ring "Ymewodit" (right hand) {Will+ MP+9}
   (You found it on level 5 of the Lair of Beasts)

   [ring of magical power]

   MP:        It affects your magic capacity (+9).
   Will:      It increases your willpower.
Wands
 t - a wand of paralysis (12)
 F - a wand of mindburst (12)
 L - a wand of flame (11)
Scrolls
 d - 7 scrolls of teleportation
 e - 2 scrolls of amnesia
 k - a scroll of enchant weapon
 l - a scroll of noise
 p - 2 scrolls of silence
 v - 3 scrolls of fear
 w - a scroll of vulnerability
 z - a scroll of magic mapping
 H - a scroll of blinking
Potions
 a - 2 potions of attraction
 b - a potion of magic
 c - 3 potions of invisibility
 f - a potion of mutation
 g - 5 potions of curing
 j - 3 potions of flight
 m - 5 potions of brilliance
 n - a potion of might
 r - a potion of ambrosia
 B - a potion of lignification
 G - a potion of heal wounds
 I - a potion of resistance
 K - a potion of berserk rage


   Skills:
 + Level 13.3(16.0) Fighting
 - Level 6.9 Dodging
 - Level 1.4 Stealth
 - Level 10.1(12.8) Spellcasting
 + Level 7.4(9.3) Conjurations
 - Level 13.5(17.8) Summonings
 + Level 7.3(10.9) Fire Magic
 + Level 14.3(17.8) Earth Magic
 - Level 5.2(7.8) Evocations


You had 15 spell levels left.
You knew the following spells:

 Your Spells              Type           Power      Damage    Failure   Level
a - Call Canine Familiar  Summ           100%       N/A       1%          3
b - Summon Lightning Spi  Summ/Air       74%        N/A       3%          4
c - Blink                 Tloc           48%        N/A       17%         2
d - Passwall              Tmut/Erth      60%        N/A       1%          2
e - Summon Small Mammal   Summ           100%       N/A       1%          1
f - Starburst             Conj/Fire      38%        6d11      28%         6
g - Fireball              Conj/Fire      38%        3d16      6%          5

Your spell library contained the following spells:

 Spells                   Type           Power      Damage    Failure   Level
 Foxfire                  Conj/Fire      100%       2x1d9     1%          1
 Call Imp                 Summ           100%       N/A       1%          2
 Summon Guardian Golem    Hex/Summ       73%        N/A       1%          3
 Momentum Strike          Conj/Tloc      100%       3d10      3%          2
 Leda's Liquefaction      Hex/Erth       36%        N/A       4%          4
 Necrotise                Necr           100%       1d9       11%         1
 Ensorcelled Hibernation  Hex/Ice        50%        N/A       17%         2
 Lesser Beckoning         Tloc           48%        N/A       17%         2
 Vampiric Draining        Necr           27%        2d7       28%         3
 Swiftness                Air            26%        N/A       30%         3
 Gell's Gravitas          Tloc           24%        N/A       32%         3
 Portal Projectile        Hex/Tloc       48%        N/A       32%         3
 Teleport Other           Tloc           24%        N/A       32%         3
 Plasma Beam              Fire/Air       30%        2x1d47    83%         6
 Agony                    Necr           27%        N/A       92%         5
 Dispersal                Tloc           12%        N/A       100%        6
 Chain Lightning          Conj/Air       28%        3d37      100%        9
 Fire Storm               Conj/Fire      38%        8d10      100%        9
 Shatter                  Erth           50%        3d38*     100%        9


Dungeon Overview and Level Annotations

Branches:
Dungeon (12/15) Zot: 1994  Temple (1/1) D:4 Zot: 516    Lair (5/5) D:8 Zot: 743
 Shoals (0/4) Lair:2        Slime (2/5) Lair:4 Zot: 1184     Orc (1/2) D:12 Zot: 543
Volcano (visited)
  Snake: Lair:2-3    Spider: Lair:2-3

Altars:
Ashenzari
Elyvilon
Fedhas
Gozag
Hepliaklqana
Kikubaaqudgha
Makhleb
Okawaru
Qazlal
Ru
Sif Muna
Uskayaw
Vehumet
Wu Jian
Xom
Yredelemnul
Zin
The Shining One
Jiyva

Shops:
D:10 ?

Annotations:
D:3 1 transporter, bande's ghost, amateur GrFi
D:5 2 runed translucent doors


Innate Abilities, Weirdness & Mutations

You passively map the area around you.
You are easily found by Zot.
You glow in the dark.
You regain HP and MP as you explore.
Your spells are a little harder to cast, but a little more powerful.
You expend magic power (3 MP) to strengthen your wands.


Message History

You kill the slime creature!
The bolt of fire misses the quicksilver ooze.
The acid blob spits acid at you. The splash of acid hits you!!
A slime creature comes into view.
Casting: Starburst (dangerous; 28% risk of failure)
Confirm with . or Enter, or press ? or * to list all spells.
Casting: Starburst (dangerous; 28% risk of failure)
Press: ? - help, Dir - look around, f - activate The bolt of fire hits the large slime creature!!
The large slime creature is almost dead.
The bolt of fire hits the quicksilver ooze!!!
The quicksilver ooze is almost dead.
The bolt of fire hits the large slime creature!!
The large slime creature is almost dead.
The bolt of fire hits the slime creature!!
The slime creature is heavily wounded.
The slime creature quivers.
The acid blob spits acid at you. The splash of acid hits you!!
The acid corrodes you!
A large slime creature splits. x2
Casting: Starburst (dangerous; 28% risk of failure)
Confirm with . or Enter, or press ? or * to list all spells.
Casting: Starburst (dangerous; 28% risk of failure)
Press: ? - help, Dir - look around, f - activate You miscast Starburst.
You are very lightly contaminated with residual magic.
There is a sudden and violent explosion of flames!!
The quicksilver ooze hits you! The quicksilver ooze engulfs you!
The quicksilver ooze hits you.
You feel your power leaking away. The slime creature hits you!
* * * LOW HITPOINT WARNING * * *
The quicksilver ooze hits you!!
* * * LOW HITPOINT WARNING * * *
The quicksilver ooze hits you but does no damage.
You block the slime creature's attack.
A slime creature comes into view.
The slime creature hits you!!
You die...

* *,, , ,, * ,*
#...<.....#, *
.,,.....J...##. *
* * ..
.#.J......#* *,
...##..........*
* ..............#
,,
.......G....##* *
* ,,
.......JJ....##,
* *, * * *
,#.J.J@J...... **
,* #....JJJ......
* ,
**........#.....J
, *
...J...##...#..*
, , ,.......,
,...##* * *
,*.#..... ,,..##
* , .....#.**, .#
** .....##* ,,##
* ,,


You could see an acid blob, 10 slime creatures, a shining eye and a quicksilver
ooze.

Vanquished Creatures
  3 death yaks (Lair:5)
  A skyshark (Lair:5)
  A lindwurm (Lair:5)
  7 elephants (Lair:5)
  2 cane toads (Lair:5)
  An unseen horror (D:11)
  A komodo dragon (Lair:5)
  A troll (D:11)
  3 polar bears (Lair:5)
  A blink frog (Lair:5)
  4 slime creatures (Slime:2)
  A shadow (D:9)
  A wyvern (Lair:5)
  3 fire bats (Volcano)
  12 yaks
  4 water moccasins
  A sky beast (D:7)
  2 black bears
  A centaur (D:5)
  A kobold brigand (D:7)
  2 bullfrogs
  A scorpion (D:5)
  A howler monkey (D:11)
  6 orc priests
  2 jellies (D:7)
  A hound (D:5)
  4 orc wizards
  A gnoll (D:3)
  3 adders
  A shadow imp (D:5)
  14 orcs
  2 ball pythons
  A bat (D:3)
  3 endoplasms
  3 giant cockroaches
  A hobgoblin (D:4)
  3 jackals
  5 kobolds
  A quokka (D:2)
  2 frilled lizards
  2 goblins (D:2)
  2 rats (D:3)
112 creatures vanquished.

Vanquished Creatures (collateral kills)
  Josephine (D:10)
  A fire dragon (Volcano)
  A hydra (Lair:2)
  A catoblepas (Lair:5)
  A boulder beetle (D:12)
  A two-headed ogre (D:10)
  A deep troll shaman (Lair:5)
  3 death yaks (Lair:5)
  A lindwurm (Volcano)
  Pikel (D:6)
  2 cyclopes (D:12)
  13 elephants
  A black mamba (Lair:4)
  5 cane toads
  A molten gargoyle (Volcano)
  Maggie (D:9)
  2 gargoyles
  2 kobold demonologists (D:12)
  2 komodo dragons
  An unseen horror (D:12)
  A rime drake (Lair:4)
  2 trolls
  A hornet (D:11)
  8 blink frogs (Lair:5)
  A slime creature (D:12)
  A vampire (D:10)
  A shadow (D:10)
  39 yaks
  2 wyverns
  5 fire bats (Volcano)
  4 wraiths
  4 basilisks
  A warg (Orc:1)
  A steam dragon (D:8)
  An acid dragon (D:10)
  A hell hound (Volcano)
  7 water moccasins
  4 black bears
  5 orc warriors
  5 ogres
  2 sky beasts (D:7)
  5 wolves (Lair:5)
  2 phantoms
  2 kobold brigands (D:12)
  2 bullfrogs
  2 scorpions
  A killer bee (D:7)
  2 howler monkeys (D:11)
  4 lava snakes (Volcano)
  2 hounds
  2 jellies
  Crazy Yiuf (D:5)
  5 orc priests
  An iguana (D:5)
  7 orc wizards
  A sleepcap (D:4)
  5 gnolls
  An adder (D:6)
  A nameless horror (D:10)
  2 ufetubi
  A dart slug (D:2)
  24 orcs
  2 endoplasms
  A giant cockroach (D:4)
  6 goblins
  3 hobgoblins
  7 jackals
  3 quokkas
  A frilled lizard (D:3)
  8 kobolds
  3 rats
245 creatures vanquished.

Vanquished Creatures (others)
  A gnoll sergeant (D:8)
  An orc wizard (D:7)
  A gnoll (D:8)
  37 fungi
  44 plants
84 creatures vanquished.

Grand Total: 441 creatures vanquished

Notes
Turn   | Place    | Note
-------+----------+-------------------------------------------
     0 | D:1      | Zeldest the Meteoran Summoner began the quest for the Orb.
     0 | D:1      | Reached XP level 1. HP: 14/14 MP: 5/5
    93 | D:1      | Reached XP level 2. HP: 22/22 MP: 4/6
   139 | D:2      | Reached skill level 5 in Summonings
   178 | D:2      | Reached skill level 1 in Fighting
   197 | D:2      | Reached XP level 3. HP: 17/28 MP: 6/8
   282 | D:1      | Found a faded altar of an unknown god.
   337 | D:2      | Learned a level 3 spell: Call Canine Familiar
   562 | D:3      | Found a transporter.
   564 | D:3      | Noticed bande's ghost (amateur GrFi)
   588 | D:3      | Reached XP level 4. HP: 36/36 MP: 4/10
   727 | D:3      | Reached XP level 5. HP: 22/41 MP: 6/11
   828 | D:3      | Found a sacrificial altar of Ru.
  1080 | D:4      | Noticed an ogre
  1088 | D:4      | Killed an ogre
  1089 | D:4      | Reached skill level 1 in Earth Magic
  1089 | D:4      | Reached XP level 6. HP: 50/51 MP: 10/13
  1142 | D:4      | Reached skill level 2 in Earth Magic
  1166 | D:5      | Entered Level 5 of the Dungeon
  1192 | D:5      | Noticed a centaur
  1204 | D:5      | Killed a centaur
  1205 | D:5      | Reached XP level 7. HP: 4/57 MP: 12/15
  1263 | D:5      | Reached skill level 5 in Spellcasting
  1357 | D:5      | Found a runed translucent door.
  1358 | D:5      | Noticed Crazy Yiuf
  1372 | D:5      | Killed Crazy Yiuf
  1454 | D:6      | Reached skill level 3 in Earth Magic
  1474 | D:6      | Noticed Pikel
  1528 | D:6      | Killed Pikel
  1529 | D:6      | Reached skill level 4 in Earth Magic
  1529 | D:6      | Reached XP level 8. HP: 67/67 MP: 3/18
  1550 | D:6      | Reached skill level 5 in Fighting
  1750 | D:5      | Gained mutation: You are agile. (Dex +4, Str/Int -1)
                  | [potion of mutation]
  1750 | D:5      | Gained mutation: You have a pair of small antennae on your
                  | head. [potion of mutation]
  1750 | D:5      | Gained mutation: You are partially covered in iridescent
                  | scales. (AC +2) [potion of mutation]
  1788 | D:5      | Found a large runed translucent door.
  1789 | D:5      | Found a large runed translucent door.
  1799 | D:5      | Found a burning altar of Makhleb.
  1827 | D:5      | Reached skill level 5 in Earth Magic
  1827 | D:5      | Gained mutation: You passively map the area around you.
                  | [Meteoran growth]
  1827 | D:5      | Reached XP level 9. HP: 74/74 MP: 18/20
  1929 | D:4      | Found a staircase to the Ecumenical Temple.
  1932 | D:4      | Found a shimmering altar of Xom.
  1938 | Temple   | Entered the Ecumenical Temple
  2003 | Temple   | Became a worshipper of Ashenzari the Shackled
  2103 | D:5      | Learned a level 2 spell: Blink
  2300 | D:6      | Found a blossoming altar of Fedhas.
  2479 | D:7      | Reached skill level 6 in Earth Magic
  2638 | D:7      | Identified the +6 short sword of Haunted Punishment {flame,
                  | *Corrode rC+ Will- Str+3 Int+7}
  2652 | D:7      | Learned a level 2 spell: Passwall
  2657 | D:7      | Learned a level 4 spell: Summon Lightning Spire
  2770 | D:7      | Reached XP level 10. HP: 44/84 MP: 21/23
  2869 | D:7      | Found a stormy altar of Qazlal.
  2943 | D:8      | Reached skill level 7 in Earth Magic
  3039 | D:8      | Found an opulent altar of Gozag.
  3049 | D:8      | Found a staircase to the Lair.
  3188 | Lair:1   | Entered Level 1 of the Lair of Beasts
  3200 | Lair:1   | Reached skill level 8 in Earth Magic
  3216 | Lair:1   | Noticed a cane toad
  3225 | Lair:1   | Reached * piety under Ashenzari
  3226 | Lair:1   | Killed a cane toad
  3227 | Lair:1   | Reached skill level 10 in Summonings
  3251 | Lair:1   | Reached XP level 11. HP: 97/97 MP: 24/26
  3516 | Lair:2   | You fall into a shaft and drop 2 floors!
  3537 | Lair:3   | Reached skill level 10 in Spellcasting
  3537 | Lair:3   | Reached skill level 9 in Earth Magic
  3541 | Lair:3   | Reached ** piety under Ashenzari
  3672 | Lair:2   | Found a dark tunnel.
  3681 | Volcano  | Entered a volcano
  3790 | Volcano  | Found a bloodstained altar of Trog.
  3790 | Volcano  | Noticed a lindwurm
  3813 | Volcano  | Killed a lindwurm
  3831 | Volcano  | Noticed a fire dragon
  3860 | Volcano  | Killed a fire dragon
  3861 | Volcano  | Reached skill level 10 in Earth Magic
  3905 | Volcano  | Identified the +5 scale mail "Diojoam" {+Blink Int+3}
  3975 | Volcano  | Reached XP level 12. HP: 72/108 MP: 28/28
  3977 | Volcano  | Reached skill level 5 in Dodging
  4110 | Lair:2   | Noticed a seven-headed hydra
  4142 | Lair:2   | Killed a seven-headed hydra
  4143 | Lair:2   | Reached skill level 10 in Fighting
  4195 | Lair:2   | Lost mutation: You are agile. (Dex +4, Str/Int -1) [potion
                  | of mutation]
  4195 | Lair:2   | Lost mutation: You have a pair of small antennae on your
                  | head. [potion of mutation]
  4195 | Lair:2   | Lost mutation: You are partially covered in iridescent
                  | scales. (AC +2) [potion of mutation]
  4195 | Lair:2   | Gained mutation: You passively map a large area around you.
                  | [potion of mutation]
  4195 | Lair:2   | Gained mutation: Armour fits poorly on your strangely
                  | shaped body. [potion of mutation]
  4203 | Lair:2   | Lost mutation: Armour fits poorly on your strangely shaped
                  | body. [potion of mutation]
  4203 | Lair:2   | Lost mutation: You passively map a large area around you.
                  | [potion of mutation]
  4203 | Lair:2   | Gained mutation: You expend magic power (3 MP) to
                  | strengthen your wands. [potion of mutation]
  4203 | Lair:2   | Gained mutation: Your spells are a little harder to cast,
                  | but a little more powerful. [potion of mutation]
  4233 | Lair:2   | Found a staircase to the Shoals.
  4316 | D:9      | Noticed Maggie
  4323 | D:9      | Killed Maggie
  4370 | D:9      | Identified the +1 robe of Megujir {Drain +Blink Will-
                  | Str+6}
  4498 | D:9      | Reached *** piety under Ashenzari
  4524 | D:10     | Entered Level 10 of the Dungeon
  4525 | D:10     | Found an ornate altar of the Wu Jian Council.
  4626 | D:10     | Reached skill level 11 in Earth Magic
  4857 | D:10     | Found Bouxt's Magic Scroll Emporium.
  4877 | D:10     | Bought a scroll of teleportation for 39 gold pieces
  4877 | D:10     | Bought a scroll of blinking for 97 gold pieces
  4877 | D:10     | Bought a scroll of teleportation for 39 gold pieces
  5000 | D:10     | Noticed a two-headed ogre
  5002 | D:10     | Noticed Josephine
  5013 | D:10     | Killed a two-headed ogre
  5014 | D:10     | Reached skill level 1 in Evocations
  5019 | D:10     | Killed Josephine
  5164 | D:10     | Found an iron altar of Okawaru.
  5292 | D:11     | Reached XP level 13. HP: 80/119 MP: 24/29
  5511 | D:12     | Reached skill level 12 in Earth Magic
  5530 | D:12     | Noticed a boulder beetle
  5541 | D:12     | Killed a boulder beetle
  5613 | D:12     | Reached skill level 5 in Evocations
  5617 | D:12     | Found a staircase to the Orcish Mines.
  5727 | D:12     | Reached **** piety under Ashenzari
  5887 | Orc:1    | Entered Level 1 of the Orcish Mines
  5908 | Orc:1    | Reached skill level 1 in Conjurations
  5908 | Orc:1    | Reached skill level 1 in Fire Magic
  6314 | Lair:4   | Found a staircase to the Slime Pits.
  6327 | Lair:4   | Found a viscous altar of Jiyva.
  6514 | Lair:5   | Entered Level 5 of the Lair of Beasts
  6744 | Lair:4   | Reached skill level 13 in Earth Magic
  6744 | Lair:4   | Reached XP level 14. HP: 132/132 MP: 27/30
  7311 | Lair:5   | Reached skill level 5 in Conjurations
  7315 | Lair:5   | Reached skill level 5 in Fire Magic
  7324 | Lair:5   | Learned a level 5 spell: Fireball
  7611 | Lair:5   | Reached skill level 14 in Earth Magic
  7739 | Lair:5   | Identified the +10 shortbow "Xepiask" {flame, Int+5}
  7743 | Lair:5   | Identified the ring "Ymewodit" {Will+ MP+9}
  7851 | Slime:1  | Entered Level 1 of the Pits of Slime
  7861 | Lair:4   | Learned a level 6 spell: Starburst
  7865 | Slime:1  | Noticed an acid blob
  7871 | Slime:2  | Noticed a quicksilver ooze
  7871 | Slime:2  | Noticed an acid blob
  7872 | Slime:2  | Noticed an acid blob
  7875 | Slime:2  | Mangled by a slime creature

Illustrated notes

Levels and vault maps discovered:
D:1:      dpeg_arrival_more_subterranean_lakeside_camping, layout_loops_ring,
          ebering_ecumenical_altar_hall
D:2:      kennysheep_big_flooded_room, layout_basic, basic_altar,
          small_statue_intersection, nrook_loot_triangle
D:3:      layout_loops_ring, mainiacjoe_overflow_small_starburst,
          mainiacjoe_overflow_catwalk, gammafunk_ghost_stat_death
D:4:      nicolae_cairo_tiling_large_dashed, layout_basic,
          overflow_temple_1_default, temple_fountains
D:5:      layout_loops_ring, makhleb_heckhound_becter, jmf_multi_god_temple2,
          columned_hall_lemuel, nicolae_hexahallways, grunt_ministairs_11,
          uniq_crazy_yiuf_cottage
D:6:      layout_loops_cross, mainiacjoe_overflow_surrounded_room,
          minmay_misc_feat_tiny, grunt_decor_resistance, uniq_pikel
D:7:      minmay_general_purpose_star, layout_basic, kennysheep_mini_moat,
          minmay_a_box_with_orc_wizards_in_it
D:8:      layout_basic, chei_slow_surprise, nicolae_gozag_seed_capital,
          grunt_lair_entry_orc_guard_hut, kennysheep_generic_room_5
D:9:      layout_gridville, minmay_shop_damaged, uniq_maggie
D:10:     wander_river, layout_loops_ring, nicolae_wu_jian_immortal_techniques,
          okawaru_metal_pillars_3, serial_shops, shop, kennysheep_pointless_box,
          kennysheep_cluttered_room, uniq_josephine
D:11:     layout_rooms, small_chamber_with_monster
D:12:     layout_loops_ring, orc_0_dummy, hangedman_abyss_or_decor_passed
Temple:   nicolae_temple_bog_church
Lair:1:   layout_loops_ring, uniq_nergalle
Lair:2:   layout_misc_corridors, elwin_shoals_entry_rocks,
          nicolae_volcano_entry_hallway
Lair:3:   layout_small_grid, minmay_snake_entry_guardpost_large,
          grunt_megastairs_3
Lair:4:   layout_small_grid, slime_entry_1
Lair:5:   grunt_lair_end_beastmaster, layout_long_grid
Slime:1:  layout_caves
Slime:2:  layout_caves
Orc:1:    layout_diamond_mine, nicolae_orc_lava_tube

Skill      XL: |  1  2  3  4  5  6  7  8  9 10 11 12 13 14 |
---------------+-------------------------------------------+-----
Summonings     | 5 6 7 9 10 11 12 13 | 13.5
Spellcasting   | 3 4 6 8 9 10 | 10.1
Fighting       | 1 2 3 4 5 6 8 9 10 12 13 | 13.3
Earth Magic    | 1 2 4 5 6 8 10 11 13 14 | 14.3
Dodging        | 4 6 |  6.9
Evocations     | 2 5 |  5.2
Conjurations   | 4 7 |  7.4
Fire Magic     | 3 7 |  7.3
Stealth        | |  1.4

Action                     |  1- 3 |  4- 6 |  7- 9 | 10-12 | 13-15 || total
---------------------------+-------+-------+-------+-------+-------++-------
  Melee: Unarmed           |     5 |       |       |       |       ||     5
         Dagger            |    30 |       |       |       |       ||    30
         Punch             |     1 |       |     1 |     6 |     1 ||     9
         Quarterstaff      |    23 |    71 |    16 |       |       ||   110
         Whip              |       |       |    25 |       |       ||    25
         Hand axe          |       |       |    47 |       |       ||    47
         Short sword       |       |       |    21 |   133 |   149 ||   303
   Cast: Summon Small Mamm |    23 |    15 |    30 |    15 |     7 ||    90
         Call Canine Famil |     4 |    12 |    28 |    37 |    45 ||   126
         Summon Lightning  |       |       |       |    39 |    42 ||    81
         Blink             |       |       |       |     2 |     1 ||     3
         Fireball          |       |       |       |       |    19 ||    19
         Starburst         |       |       |       |       |     3 ||     3
         Passwall          |       |       |       |       |     1 ||     1
 Invoke: Curse Item        |       |       |       |     5 |     2 ||     7
  Evoke: Wand              |       |       |       |       |     4 ||     4
    Use: Potion            |       |       |     4 |     6 |       ||    10
         Scroll            |       |       |       |     1 |     2 ||     3
   Stab: Distracted        |     1 |     2 |       |     7 |     2 ||    12
 Armour: Robe              |    26 |    41 |    54 |    22 |       ||   143
         Leather armour    |       |       |       |    17 |       ||    17
         Swamp dragon scal |       |       |       |    10 |    85 ||    95
  Dodge: Dodged            |    60 |    65 |    84 |   130 |   235 ||   574
  Block: Buckler           |       |       |       |       |    18 ||    18

Table legend: (Time is in decaauts)
 A = Elapsed time spent in this place.
 B = Non-inter-level travel time spent in this place.
 C = Inter-level travel time spent in this place.
 D = Time resting spent in this place.
 E = Time spent auto-exploring this place.
 F = Levels seen in this place.
 G = Mean time per level.
                   A        B        C        D        E       F      G
               +--------+--------+--------+--------+--------+-----+--------+
         Total |   7951 |   6893 |   1058 |      0 |      5 |  22 |  361.4 |
       Dungeon |   5205 |   4622 |    583 |      0 |      5 |  12 |  433.8 |
        Temple |     83 |     76 |      7 |      0 |      0 |   1 |   83.0 |
          Lair |   2256 |   1789 |    467 |      0 |      0 |   5 |  451.2 |
    Slime Pits |     15 |     15 |      0 |      0 |      0 |   2 |    7.5 |
  Orcish Mines |     56 |     56 |      0 |      0 |      0 |   1 |   56.0 |
       Volcano |    334 |    334 |      0 |      0 |      0 |   1 |  334.0 |
               +--------+--------+--------+--------+--------+-----+--------+

Top non-repeatable levels by time:
    D:10: 821 daAuts
  Lair:5: 683 daAuts
     D:7: 597 daAuts
     D:6: 596 daAuts
     D:5: 539 daAuts
  Lair:2: 510 daAuts
  Lair:4: 491 daAuts
  Lair:1: 420 daAuts
     D:2: 388 daAuts
     D:8: 383 daAuts
     D:3: 359 daAuts
    D:11: 339 daAuts
 Volcano: 334 daAuts
    D:12: 331 daAuts
     D:9: 329 daAuts
